 Dungeon Crawl Stone Soup version 0.21.1-1-g345015f (webtiles) character file.

70758 poirepourri the Unseen (level 14, -12/70 HPs)
             Began as a Spriggan Enchanter on May 17, 2018.
             Was the Champion of Dithmenos.
             Killed by divine providence
             ... invoked by an orc priest
              (13 damage)
             ... on level 2 of the Orcish Mines on June 1, 2018.
             The game lasted 01:01:14 (36599 turns).

poirepourri the Unseen (Spriggan Enchanter)        Turns: 36599, Time: 01:01:15

Health: -12/70     AC:  7    Str:  7    XL:     14   Next: 95%
Magic:  22/33      EV: 32    Int: 17    God:    Dithmenos [******]
Gold:   1550       SH:  0    Dex: 19    Spells: 15/42 levels left

rFire    . . .     SeeInvis +   a - +5 short sword (pierce)
rCold    . . .     Gourm    .   (shield restricted)
rNeg     . . .     Faith    .   V - +2 robe {MR+}
rPois    +         Spirit   .   (helmet restricted)
rElec    .         Reflect  .   F - +2 cloak {rPois}
rCorr    +         Harm     .   (gloves unavailable)
MR       +++..                  (boots unavailable)
Stlth    ++++++++++             (no amulet)
HPRegen  0.21/turn              l - +2 ring of evasion
MPRegen  0.23/turn              y - ring "Nesyxode" {rCorr +Fly Str+3}

@: darkness, wreathed by umbra, very quick
A: very small, unfitting armour, see invisible, clumsy 1, herbivore, speed 3,
slow metabolism 2
a: Shadow Step, Shadow Form, Renounce Religion, Evoke Flight


You were on level 2 of the Orcish Mines.
You worshipped Dithmenos.
Dithmenos was exalted by your worship.
You were hungry.

You visited 4 branches of the dungeon, and saw 22 of its levels.
You also visited: Trove and Bailey.

You collected 1837 gold pieces.
You spent 287 gold pieces at shops.

Inventory:

Hand Weapons
 a - a +5 short sword of piercing (weapon)
 b - a +10 blowgun
Missiles
 n - 42 tomahawks (quivered)
 t - 58 poisoned needles
 U - 6 poisoned tomahawks
Armour
 F - a +2 cloak of poison resistance (worn)
 T - a +3 buckler
 V - a +2 robe of magic resistance (worn)
Jewellery
 j - an uncursed ring of positive energy
 l - a +2 ring of evasion (left hand)
 s - an uncursed ring of stealth
 v - a +2 ring of strength
 w - a +2 ring of dexterity
 y - the ring "Nesyxode" (right hand) {rCorr +Fly Str+3}
   (You took it off a gnoll on level 9 of the Dungeon)

   [ring of resist corrosion]

   It affects your strength (+3).
   It lets you fly.
 C - an uncursed ring of poison resistance
Wands
 k - a wand of digging (61)
 r - a wand of paralysis (32)
 I - a wand of acid (17)
 P - a wand of polymorph (35)
 Q - a wand of disintegration (21)
 S - a wand of enslavement (14)
Scrolls
 e - 12 scrolls of remove curse
 g - 9 scrolls of teleportation
 i - 5 scrolls of amnesia
 x - 2 scrolls of blinking
 N - 3 scrolls of identify
Potions
 d - 3 potions of ambrosia
 f - 10 potions of lignification
 h - 3 potions of flight
 m - 6 potions of brilliance
 u - 2 potions of mutation
 z - 3 potions of agility
 A - 3 potions of haste
 B - a potion of heal wounds
 G - 2 potions of curing
 J - a potion of degeneration
 K - a potion of cancellation
Books
 c - a book of Maledictions

   Spells                             Type                      Level
   a - Corona                         Hexes                        1
   b - Ensorcelled Hibernation        Hexes/Ice                    2
   c - Confuse                        Hexes                        3
   d - Tukima's Dance                 Hexes                        3
   e - Dazzling Spray                 Conjuration/Hexes            3
 p - Sif Muna's Grimoire of Flamy Beguiling
   (You found it in a treasure trove)

   Spells                             Type                      Level
   a - Bolt of Magma                  Conjuration/Fire/Earth       5
   b - Metabolic Englaciation         Hexes/Ice                    5
   c - Summon Mana Viper              Hexes/Summoning              5
   d - Darkness                       Hexes                        6
 q - a book of Misfortune

   Spells                             Type                      Level
   a - Confusing Touch                Hexes                        1
   b - Confuse                        Hexes                        3
   c - Gell's Gravitas                Translocation                3
   d - Petrify                        Transmutation/Earth          4
   e - Metabolic Englaciation         Hexes/Ice                    5
   f - Yara's Violent Unravelling     Hexes/Transmutation          5
 D - a book of Debilitation

   Spells                             Type                      Level
   a - Corona                         Hexes                        1
   b - Slow                           Hexes                        2
   c - Inner Flame                    Hexes/Fire                   3
   d - Portal Projectile              Hexes/Translocation          3
   e - Cause Fear                     Hexes                        4
   f - Leda's Liquefaction            Hexes/Earth                  4
 H - a Fen Folio

   Spells                             Type                      Level
   a - Corpse Rot                     Necromancy                   2
   b - Stone Arrow                    Conjuration/Earth            3
   c - Leda's Liquefaction            Hexes/Earth                  4
   d - Summon Forest                  Summoning/Translocation      5
   e - Hydra Form                     Transmutation                6
   f - Summon Hydra                   Summoning                    7
 L - Judgh's Papyrus of Conjuration
   (You found it in a treasure trove)

   Spells                             Type                      Level
   a - Sting                          Conjuration/Poison           1
   b - Throw Flame                    Conjuration/Fire             2
   c - Venom Bolt                     Conjuration/Poison           5
   d - Fireball                       Conjuration/Fire             5
   e - Iskenderun's Battlesphere      Conjuration/Charms           5
 M - the Tome of Helpful Enchantment
   (You found it in a treasure trove)

   Spells                             Type                      Level
   a - Spectral Weapon                Hexes/Charms                 3
   b - Portal Projectile              Hexes/Translocation          3
   c - Iskenderun's Battlesphere      Conjuration/Charms           5
   d - Silence                        Hexes/Air                    5
   e - Invisibility                   Hexes                        6
 O - Sif Muna's Reference Book on the Compass and the Glacier
   (You found it in a treasure trove)

   Spells                             Type                      Level
   a - Throw Frost                    Conjuration/Ice              2
   b - Simulacrum                     Ice/Necromancy               6
   c - Malign Gateway                 Summoning/Translocation      7
   d - Glaciate                       Conjuration/Ice              9
Miscellaneous
 R - a lightning rod (4/4)
Comestibles
 o - 11 rations


   Skills:
 - Level 6.2 Fighting
 - Level 9.1 Short Blades
 - Level 5.3 Throwing
 - Level 12.5 Dodging
 - Level 20.1 Stealth
 + Level 14.6 Spellcasting
 - Level 14.0 Hexes
 - Level 2.4 Ice Magic


You had 15 spell levels left.
You knew the following spells:

 Your Spells              Type           Power        Failure   Level  Hunger
a - Corona                Hex            ######.      0%          1    None
b - Ensorcelled Hibernat  Hex/Ice        #####.       1%          2    None
c - Confuse               Hex            ######..     1%          3    None
d - Tukima's Dance        Hex            ######..     1%          3    None
e - Dazzling Spray        Conj/Hex       #####.       1%          3    None
f - Summon Mana Viper     Hex/Summ       #####...     9%          5    ####...
g - Darkness              Hex            ######....   2%          6    ######.
h - Cause Fear            Hex            ######....   1%          4    #......


Dungeon Overview and Level Annotations

Branches:
Dungeon (13/15)            Temple (1/1) D:7            Lair (6/6) D:10
 Shoals (0/4) Lair:2        Snake (0/4) Lair:3        Slime (0/5) Lair:5
    Orc (2/2) D:10            Elf (0/3) Orc:2
 Vaults: D:13-14

Altars:
Ashenzari
Cheibriados
Dithmenos
Elyvilon
Fedhas
Gozag
Hepliaklqana
Kikubaaqudgha
Makhleb
Nemelex Xobeh
Okawaru
Qazlal
Ru
Sif Muna
Trog
Uskayaw
Vehumet
Wu Jian
Xom
Yredelemnul
Zin
The Shining One
Beogh

Shops:
D:6 :   D:7 :(:*


Innate Abilities, Weirdness & Mutations

You are very small and have problems with some larger weapons.
You are too small for most types of armour.
You have supernaturally acute eyesight. (SInv)
You are a herbivore.
You cover ground extremely quickly.
You need consume almost no food.
You are clumsy. (Dex -2)


Message History

The orc warlord is severely wounded.
Your shadow hits the orc warlord but does no damage.
The orc warrior completely misses you. The orc closely misses you.
Unknown command.
You hit the orc warlord but do no damage.
The orc warlord is severely wounded.
Your shadow hits the orc warlord but does no damage.
Unknown command.
You strike the helpless orc warlord from behind!
You impale the orc warlord!!
You kill the orc warlord!
Dithmenos accepts your kill. The orc misses you.
The orc warrior hits you from afar with a trident!!
You emit a cloud of dark smoke.
The orc warrior hits you with a dire flail!!
* * * LOW HITPOINT WARNING * * *
The orc priest calls down the wrath of Beogh upon you.
Beogh smites you!
You die...

## ##≈≈≈§o§... .## #§§#o§....
..## ### ##§#......#
#..#####.#### ###.#o#o##.##
............#########...o....####
........................#.#.## #
.......................###### #.
...........)...§.§......# ...
.........)[.....@)o....## ....
...............§oo....## ###.#
..........[[.)..[o[.### ##
...........[.)...)<..##
.............##.#.....#
............##........#
...................#.##
............##<...####
.....#.......##.#..##


You could see 2 orc warriors, an orc priest and an orc.

Vanquished Creatures
  2 orc warlords
  The ghost of kae the Martial Artist, a journeyman GnTm of Okawaru (Lair:5)
  Snorg (Lair:3)
  Josephine (Orc:2)
  A vault guard (D:12)
  8 hydras
  2 centaur warriors (D:9)
  5 two-headed ogres
  2 death yaks (Lair:6)
  The ghost of Iko the Basher, a novice MiBe of Trog (D:13)
  13 spriggans
  A sixfirhy (D:8)
  A skeletal warrior (D:9)
  The ghost of Shufflesack the Eclecticist, a novice DECj of Vehumet (D:11)
  A lindwurm (Lair:6)
  3 unseen horrors
  5 orc knights
  A lindwurm (shapeshifter) (D:9)
  2 ugly things
  2 orc sorcerers (Orc:2)
  A deep elf mage (D:12)
  A centaur zombie (D:11)
  A manticore (D:10)
  4 black mambas
  A torpor snail (Lair:6)
  5 elephants (Lair:6)
  9 spiny frogs
  A rime drake (Lair:6)
  An efreet (D:9)
  6 komodo dragons
  4 trolls
  3 polar bears (Lair:6)
  17 blink frogs
  5 hornets
  13 dream sheep
  11 hippogriffs
  5 shadows
  Eustachio (D:6)
  3 wraiths (Orc:2)
  A wyvern (Lair:5)
  31 yaks
  A hog (shapeshifter) (D:12)
  A hog (D:13)
  5 basilisks
  4 hungry ghosts
  A steam dragon (D:10)
  A naga (Lair:3)
  14 water moccasins
  An acid dragon (D:13)
  A warg (Orc:2)
  9 porcupines
  5 black bears
  27 orc warriors
  A phantom (D:5)
  3 sky beasts
  7 ice beasts
  12 ogres
  7 centaurs
  4 boggarts (Lair:6)
  31 wolves
  14 crocodiles
  24 bullfrogs
  2 big kobolds
  A wyvern skeleton (D:8)
  4 scorpions
  16 killer bees
  7 wights
  2 howler monkeys
  6 crimson imps
  A quasit (D:7)
  17 orc priests
  Crazy Yiuf (D:3)
  12 hounds
  A gnoll shaman (D:8)
  5 jellies
  23 orc wizards
  2 bullfrog skeletons
  4 centaur skeletons
  Jessica (D:3)
  2 iguanas
  Terence (D:3)
  Ijyb (D:3)
  2 hell rats (Lair:3)
  9 worker ants
  A hound skeleton (D:9)
  A hound zombie (D:8)
  A worker ant zombie (D:8)
  10 adders
  25 gnolls
  5 river rats (Lair:3)
  3 shadow imps
  12 white imps (D:12)
  2 oozes (D:3)
  An adder skeleton (D:8)
  2 adder zombies
  A worm (D:2)
  A dart slug (D:3)
  6 leopard geckos
  101 orcs
  4 bats
  5 giant cockroaches
  17 hobgoblins
  13 jackals
  3 quokkas
  3 ball pythons
  7 frilled lizards
  28 goblins
  A jackal skeleton (D:4)
  14 kobolds
  A leopard gecko skeleton (D:6)
  A quokka skeleton (D:5)
  8 rats
748 creatures vanquished.

Vanquished Creatures (collateral kills)
  An orc sorcerer (Orc:2)
  2 orc warriors (Orc:2)
  An ogre (Orc:1)
  2 orcs
6 creatures vanquished.

Vanquished Creatures (others)
  A jelly (D:8)
  A quokka skeleton (D:9)
  15 fungi
  8 plants
25 creatures vanquished.

Grand Total: 779 creatures vanquished

Notes
Turn   | Place    | Note
-------+----------+-------------------------------------------
     0 | D:1      | poirepourri the Spriggan Enchanter began the quest for the Orb.
     0 | D:1      | Reached XP level 1. HP: 9/9 MP: 5/5
   708 | D:1      | Reached XP level 2. HP: 13/13 MP: 6/6
   865 | D:1      | Learned a level 2 spell: Ensorcelled Hibernation
  1556 | D:2      | Reached skill level 5 in Stealth
  1614 | D:2      | Found a shattered altar of Ashenzari.
  1877 | D:2      | Reached XP level 3. HP: 6/16 MP: 0/8
  1972 | D:2      | Learned a level 3 spell: Confuse
  1987 | D:2      | Reached skill level 6 in Stealth
  2884 | D:3      | Found a runed door.
  3017 | D:3      | Noticed Terence
  3024 | D:3      | Killed Terence
  3024 | D:3      | Reached skill level 7 in Stealth
  3024 | D:3      | Reached XP level 4. HP: 21/21 MP: 9/9
  3163 | D:3      | Noticed Jessica
  3212 | D:3      | Killed Jessica
  3552 | D:3      | Noticed an ice beast
  3754 | D:3      | Killed an ice beast
  3754 | D:3      | Reached XP level 5. HP: 23/24 MP: 3/10
  4020 | D:3      | Learned a level 3 spell: Tukima's Dance
  4022 | D:3      | Reached skill level 5 in Short Blades
  4267 | D:3      | Noticed Ijyb
  4276 | D:3      | Killed Ijyb
  4290 | D:3      | Reached XP level 6. HP: 28/28 MP: 0/11
  4869 | D:3      | Noticed Crazy Yiuf
  4873 | D:3      | Killed Crazy Yiuf
  5291 | D:4      | Learned a level 3 spell: Dazzling Spray
  5713 | D:4      | Found a burning altar of Makhleb.
  5715 | D:4      | Found a glowing silver altar of Zin.
  5715 | D:4      | Noticed an angel
  5716 | D:4      | Noticed a blizzard demon
  5920 | D:4      | Reached skill level 5 in Spellcasting
  5938 | D:4      | Reached XP level 7. HP: 27/32 MP: 3/15
  6148 | D:4      | Found an iron altar of Okawaru.
  6229 | D:5      | Entered Level 5 of the Dungeon
  6413 | D:5      | Reached skill level 5 in Hexes
  7152 | D:5      | Found a stormy altar of Qazlal.
  7209 | D:5      | Reached skill level 1 in Fighting
  7821 | D:6      | Reached XP level 8. HP: 24/39 MP: 14/18
  7905 | D:6      | Found a blossoming altar of Fedhas.
  8135 | D:6      | Noticed Eustachio
  8145 | D:6      | Killed Eustachio
  8181 | D:6      | Found Urphache's Book Emporium.
  8207 | D:6      | Reached skill level 5 in Fighting
  8317 | D:6      | Found an ancient bone altar of Kikubaaqudgha.
  8403 | D:6      | Reached skill level 8 in Stealth
  8591 | D:6      | Found a sand-covered staircase.
  8713 | D:6      | Found a hazy altar of Hepliaklqana.
  9015 | D:6      | Found a glowing golden altar of the Shining One.
  9024 | D:6      | Found a basalt altar of Yredelemnul.
  9139 | D:6      | Reached skill level 9 in Stealth
  9404 | D:7      | Reached XP level 9. HP: 47/47 MP: 7/19
  9522 | D:7      | Found Ziroicvu's Weapon Shoppe.
  9527 | D:7      | Bought 14 poisoned needles for 78 gold pieces
  9540 | D:7      | Reached skill level 10 in Stealth
  9619 | D:7      | Found Voddemm's Book Boutique.
  9641 | D:7      | Found Woforaor's Book Emporium.
  9669 | D:7      | Found a staircase to the Ecumenical Temple.
  9707 | Temple   | Entered the Ecumenical Temple
  9791 | Temple   | Became a worshipper of Dithmenos the Shadowed
  9865 | D:7      | Reached skill level 11 in Stealth
 10096 | D:7      | Found Laetsec's Assorted Antiques.
 10102 | D:7      | Bought a scroll labeled ZEUFUX XUE for 19 gold pieces
 10681 | D:8      | Reached skill level 12 in Stealth
 10802 | D:8      | Noticed a two-headed ogre
 10809 | D:8      | Killed a two-headed ogre
 10829 | D:8      | Reached * piety under Dithmenos
 10835 | D:8      | Found a flagged portal.
 10897 | Bailey   | Entered a bailey
 11557 | Bailey   | Reached ** piety under Dithmenos
 11897 | Bailey   | Reached skill level 10 in Spellcasting
 11921 | Bailey   | Reached XP level 10. HP: 15/51 MP: 2/25
 12172 | Bailey   | Noticed an orc knight
 12172 | Bailey   | Noticed an orc warlord
 12438 | Bailey   | Killed an orc warlord
 12551 | Bailey   | Noticed an orc knight
 12572 | Bailey   | Killed an orc knight
 12592 | Bailey   | Killed an orc knight
 12792 | Bailey   | Noticed an orc knight
 12820 | Bailey   | Killed an orc knight
 12898 | D:8      | Found a runed door.
 12900 | D:8      | Noticed a sixfirhy
 13680 | D:9      | Found a white marble altar of Elyvilon.
 13691 | D:9      | Reached *** piety under Dithmenos
 13697 | D:9      | Reached XP level 11. HP: 56/56 MP: 25/30
 13803 | D:9      | Found the fabulously ornate robe
 14012 | D:9      | Noticed a lindwurm
 14030 | D:9      | Noticed a green ugly thing
 14564 | D:9      | Killed a lindwurm
 14564 | D:9      | Reached skill level 5 in Dodging
 14577 | D:9      | Killed a green ugly thing
 14976 | D:9      | Noticed a skeletal warrior
 15861 | D:9      | Noticed a centaur warrior
 15879 | D:9      | Killed a centaur warrior
 16788 | D:9      | Got a twitching granite ring
 16849 | D:9      | Reached **** piety under Dithmenos
 16866 | D:9      | Reached skill level 10 in Dodging
 16892 | D:9      | Noticed an unseen horror
 16951 | D:9      | Found a stormy altar of Qazlal.
 16958 | D:9      | Killed an unseen horror
 17067 | D:9      | Noticed a skeletal warrior
 17416 | D:9      | Noticed a centaur warrior
 17437 | D:9      | Killed a centaur warrior
 17611 | D:9      | Got a fabulously ornate robe
 18038 | D:8      | Identified the ring "Nesyxode" {rCorr +Fly Str+3} (You took it off a gnoll on level 9 of the Dungeon)
 18051 | D:8      | Identified the cursed -5 robe of Misfortune {-Cast *Contam *Tele *Drain EV-5 Stlth-- *Curse} (You found it on level 9 of the Dungeon)
 18153 | D:9      | Gained mutation: You are clumsy. (Dex -2) [mutagenic glow]
 18246 | D:10     | Entered Level 10 of the Dungeon
 18421 | D:10     | Noticed an orc knight
 18422 | D:10     | Found a roughly hewn altar of Beogh.
 18422 | D:10     | Found a staircase to the Orcish Mines.
 18471 | D:9      | Killed an orc knight
 18519 | D:9      | Killed a skeletal warrior
 18819 | D:10     | Noticed a two-headed ogre
 18834 | D:10     | Reached skill level 10 in Hexes
 19068 | D:10     | Killed a two-headed ogre
 19068 | D:10     | Reached XP level 12. HP: 24/60 MP: 8/31
 20273 | D:10     | Found a staircase to the Lair.
 20355 | D:10     | Reached ***** piety under Dithmenos
 20496 | D:11     | Noticed a two-headed ogre
 20511 | D:11     | Killed a two-headed ogre
 21038 | D:11     | Noticed Shufflesack's ghost (novice DECj)
 21059 | D:11     | Killed Shufflesack's ghost
 21059 | D:11     | Reached skill level 13 in Stealth
 22093 | D:12     | Noticed a six-headed hydra
 22111 | D:12     | Killed a six-headed hydra
 22111 | D:12     | Reached skill level 14 in Stealth
 22123 | D:12     | Noticed a two-headed ogre
 22166 | D:12     | Reached skill level 15 in Stealth
 22174 | D:12     | Killed a two-headed ogre
 22230 | D:12     | Noticed a vault guard
 22244 | D:12     | Reached skill level 16 in Stealth
 22721 | D:12     | Noticed a six-headed hydra
 22729 | D:12     | Killed a six-headed hydra
 22921 | D:12     | Found a portal to a secret trove of treasure.
 23129 | D:12     | Reached XP level 13. HP: 31/63 MP: 27/32
 23419 | D:12     | Reached skill level 17 in Stealth
 24300 | D:13     | Noticed Iko's ghost (novice MiBe)
 24445 | D:7      | Bought a potion of resistance for 190 gold pieces
 24589 | D:12     | You paid a toll of 4 potions of resistance to enter a treasure trove
 24590 | Trove    | Entered a treasure trove
 24622 | Trove    | Identified Sif Muna's Grimoire of Flamy Beguiling
 24664 | Trove    | Identified Judgh's Papyrus of Conjuration
 24669 | Trove    | Identified the Tome of Helpful Enchantment
 24677 | Trove    | Identified Sif Muna's Reference Book on the Compass and the Glacier
 24860 | D:13     | Killed Iko's ghost
 24919 | D:13     | Reached skill level 18 in Stealth
 25319 | Lair:1   | Entered Level 1 of the Lair of Beasts
 25503 | Lair:1   | Reached skill level 19 in Stealth
 25972 | Lair:2   | Learned a level 5 spell: Summon Mana Viper
 25979 | Lair:2   | Learned a level 6 spell: Darkness
 25984 | Lair:2   | Learned a level 4 spell: Cause Fear
 25987 | Lair:2   | Found a staircase to the Shoals.
 26345 | Lair:2   | Reached skill level 20 in Stealth
 26745 | Lair:3   | Reached ****** piety under Dithmenos
 27084 | Lair:3   | Noticed Snorg
 27110 | Lair:3   | Killed Snorg
 27268 | Lair:3   | Found a staircase to the Snake Pit.
 27440 | Lair:3   | Found the +10 large shield of Ignorance {rN+ Int-4}
 28805 | Lair:5   | Noticed kae's ghost (journeyman GnTm)
 28839 | Lair:5   | HP: 3/63 [black mamba (13)]
 30107 | Lair:5   | Reached XP level 14. HP: 69/69 MP: 33/33
 30146 | Lair:5   | Killed kae's ghost
 30178 | Lair:5   | Found a staircase to the Slime Pits.
 30364 | Lair:6   | Entered Level 6 of the Lair of Beasts
 31164 | Lair:6   | Reached skill level 1 in Throwing
 32127 | Lair:6   | Reached skill level 5 in Throwing
 35021 | Orc:1    | Entered Level 1 of the Orcish Mines
 35305 | Orc:2    | Entered Level 2 of the Orcish Mines
 35529 | Orc:1    | Reached skill level 1 in Ice Magic
 36072 | Orc:2    | Found a staircase to the Elven Halls.
 36114 | Orc:2    | Noticed Josephine
 36129 | Orc:2    | Killed Josephine
 36394 | Orc:2    | Noticed an orc warlord
 36599 | Orc:2    | Killed an orc warlord
 36599 | Orc:2    | HP: 1/70 [orc warrior/dire flail[an orc warlord] (22)]
 36599 | Orc:2    | Killed from afar by an orc priest

Skill      XL: |  1  2  3  4  5  6  7  8  9 10 11 12 13 14 |
---------------+-------------------------------------------+-----
Short Blades   | 2 4 5 9 |  9.1
Stealth        | 5 7 9 12 16 20 | 20.1
Spellcasting   | 5 6 10 14 | 14.6
Hexes          | 6 10 12 14 | 14.0
Fighting       | 2 5 6 |  6.2
Dodging        | 10 12 | 12.5
Throwing       | 5 |  5.3
Ice Magic      | 2 |  2.4

Action                   |  1- 3 |  4- 6 |  7- 9 | 10-12 | 13-15 || total
-------------------------+-------+-------+-------+-------+-------++-------
Melee: Dagger            |   105 |   111 |     7 |       |       ||   223
       Short sword       |       |       |   318 |   550 |   549 ||  1417
 Fire: Blowgun           |       |       |       |       |    16 ||    16
 Cast: Corona            |     3 |       |       |     1 |       ||     4
       Ensorcelled Hiber |    31 |    58 |    85 |   169 |   198 ||   541
       Confuse           |       |     6 |    23 |   116 |    49 ||   194
       Dazzling Spray    |       |     4 |    47 |   127 |   166 ||   344
       Summon Mana Viper |       |       |       |       |     2 ||     2
       Darkness          |       |       |       |       |     1 ||     1
Invok: Shadow Step       |       |       |       |     1 |     1 ||     2
  Use: Scroll            |     3 |    10 |    14 |    12 |    21 ||    60
       Potion            |     1 |     1 |     1 |     4 |     1 ||     8
 Stab: Sleeping          |    23 |    38 |    54 |   108 |   173 ||   396
       Confused          |       |     3 |    13 |    49 |    28 ||    93
       Invisible         |       |       |     9 |    13 |    13 ||    35
       Distracted        |       |       |     1 |     1 |     2 ||     4
  Eat: Ration            |     1 |     4 |     4 |     6 |     8 ||    23
Armor: Robe              |     6 |     8 |    48 |    41 |    27 ||   130
Dodge: Dodged            |    86 |    90 |   242 |   678 |   835 ||  1931
